Map: Jagannatha LE

Players

Heeebster - Winner!

  • Race: Protoss Protoss
  • League: Diamond
  • Spawn Location: 1:00

Shallow

  • Race: Zerg Zerg
  • Spawn Location: 7:00

VOD

Have the link to the VOD?

Description

Time

  • Played on: Nov. 16, 2020, 12:34 a.m.
  • Length: 6:04
Show
View Real Time Build Order
Export as new Build Order

Heeebster Protoss - Winner!

Build Orders: Nexus First 

Get SALT Encoding   

  12  0:00  Probe  
  13  0:13  Probe (Chrono Boost)  
  14  0:21  Pylon  
  14  0:25  Probe (Chrono Boost)  
  15  0:37  Probe  
  16  0:49  Probe  
  17  1:01  Nexus  
  17  1:13  Gateway  
  17  1:15  Probe  
  18  1:24  Assimilator  
  18  1:26  Assimilator  
  18  1:29  Probe (Chrono Boost)  
  19  1:39  Probe (Chrono Boost)  
  20  1:46  Gateway  
  20  1:50  Probe  
  21  2:00  Cybernetics Core  
  21  2:02  Probe  
  22  2:11  Pylon  
  22  2:13  Probe (Chrono Boost)  
  22  2:15  Probe (Chrono Boost)  
  24  2:25  Probe (Chrono Boost)  
  26  2:32  Probe (Chrono Boost)  
  26  2:34  Probe (Chrono Boost)  
  26  2:36  Adept  
  29  2:39  Stalker, Warp Gate (Chrono Boost), Probe (Chrono Boost)  
  32  2:45  Probe  
  32  2:50  Probe  
  34  2:57  Probe  
  35  3:03  Robotics Facility  
  35  3:12  Probe x2  
  37  3:17  Twilight Council  
  37  3:19  Gateway  
  37  3:26  Gateway  
  37  3:33  Gateway  
  37  3:39  Gateway  
  37  3:43  Warp Prism  
  37  3:44  Pylon  
  37  3:51  Charge (Chrono Boost)  
  39  4:05  Gateway  
  39  4:15  Pylon  
  39  4:22  Zealot x4  
  47  4:35  Pylon  
  47  4:38  Pylon  
  47  4:41  Pylon  
  47  4:44  Zealot x2  
  47  4:45  Zealot  
  53  4:56  Zealot  
  53  4:57  Zealot x2  
  57  5:10  Probe x2  
  57  5:13  Zealot x2  
  63  5:24  Zealot x2  
  63  5:25  Zealot  
  63  5:28  Zealot  
  59  5:50  Zealot x6  
  59  5:55  Zealot  
Show
View Real Time Build Order
Export as new Build Order

Shallow Zerg 

Build Orders: Pool First 

Get SALT Encoding   

  12  0:00  Drone  
  13  0:10  Drone  
  14  0:19  Overlord  
  14  0:40  Drone  
  14  0:41  Drone x2  
  17  0:47  Spawning Pool  
  16  0:50  Extractor  
  16  0:53  Drone  
  16  1:14  Drone  
  16  1:17  Hatchery  
  16  1:21  Drone  
  17  1:28  Drone  
  18  1:36  Queen  
  20  1:40  Drone  
  21  1:53  Zergling x2  
  22  2:08  Hatchery  
  21  2:19  Metabolic Boost  
  21  2:22  Overlord  
  21  2:30  Drone x3  
  24  2:45  Queen  
  24  2:48  Queen  
  28  2:57  Drone x3  
  31  3:02  Drone x2  
  33  3:08  Overlord  
  33  3:21  Drone x5  
  38  3:29  Zergling x2  
  38  3:30  Zergling x2  
  40  3:37  Queen  
  40  3:38  Overlord  
  42  3:42  Drone  
  42  3:43  Drone x2  
  45  3:50  Zergling x2  
  45  3:51  Zergling x2  
  45  3:54  Overlord  
  47  3:56  Drone x3  
  47  3:57  Drone  
  51  4:13  Zergling x12  
  57  4:19  Baneling Nest  
  56  4:26  Overlord  
  56  4:27  Drone x3  
  59  4:35  Extractor  
  59  4:36  Overlord  
  59  4:37  Extractor, Overlord  
  57  4:52  Zergling x18  
  66  5:05  Zergling x2  
  66  5:06  Zergling x16  
  70  5:18  Zergling x2  
  70  5:19  Zergling x10  
  67  5:29  Baneling x6  
  67  5:30  Baneling x3  
  63  5:41  Zergling x12  
Tags
 
League
Diamond
Matchup
PvZ
Replay Pack
Replays
Spawn Locations
Cross Positions
Add a new tag
Caveats
  • Supply blocks, unpowered buildings, or Contaminate may cause inaccurate times.
  • Supply counts are checked every 10 seconds.